 Dungeon Crawl Stone Soup version 0.29.1-15-g9cfb28693d (webtiles) character file.

Game seed: 12652128644443772863

7 HOAXBANE2 the Charlatan (level 1, -1/10 HPs)
             Began as a Spriggan Artificer on Mar 30, 2023.
             Slain by a kobold
             ... wielding a +0 club
              (4 damage)
             ... on level 1 of the Dungeon.
             The game lasted 00:05:30 (765 turns).

HOAXBANE2 the Charlatan (Spriggan Artificer)         Turns: 765, Time: 00:05:31

Health: -1/10      AC:  2    Str:  8    XL:     1   Next: 83%
Magic:  2/2        EV: 18    Int: 12    God:
Gold:   26         SH:  0    Dex: 15    Spells: 0/0 levels left

rFire   . . .      SeeInvis +   l - +0 short sword
rCold   . . .      Faith    .   (no shield)
rNeg    . . .      Spirit   .   b - +0 robe
rPois   .          Reflect  .   (helmet restricted)
rElec   .          Harm     .   (no cloak)
rCorr   .          Rampage  .   (gloves unavailable)
Will    .....                   (boots unavailable)
Stlth   ++........              (no amulet)
HPRegen 0.03/turn               (no ring)
MPRegen 0.08/turn               (no ring)

@: very quick
A: very small, no large weapons, unfitting armour, see invisible, speed 3
a: no special abilities


You were on level 1 of the Dungeon.
You visited 1 branch of the dungeon, and saw 2 of its levels.

You collected 26 gold pieces.

Inventory:

Hand Weapons
 l - a +0 short sword (weapon)
Armour
 b - a +0 robe (worn)
Jewellery
 a - a +6 ring of strength
Wands
 c - a wand of flame (15) (quivered)
 d - a wand of charming (14)
 e - a wand of iceblast (5)
Scrolls
 j - a scroll of identify {unknown}
 k - a scroll of summoning {unknown}
Potions
 f - a potion of attraction {unknown}
 g - 2 potions of degeneration {unknown}
 h - a potion of flight {unknown}
 i - a potion of heal wounds {unknown}


   Skills:
 - Level 1.0 Fighting
 + Level 3.7 Dodging
 - Level 2.0 Stealth
 - Level 4.0 Evocations


You couldn't memorise any spells.
You didn't know any spells.
Your spell library was empty.

Dungeon Overview and Level Annotations

Branches:
Dungeon (2/15)

Altars:


Innate Abilities, Weirdness & Mutations

You are very small and have problems with some larger weapons.
You are too small for most types of armour.
You have supernaturally acute eyesight. (SInv)
You cover ground extremely quickly. (Speed+++)


Message History

You kill the giant cockroach!
Training target 1.0 for Fighting reached!
Training target 2.0 for Stealth reached!
Your Fighting skill increases to level 1!
Your Stealth skill increases to level 2!
You see here a giant cockroach corpse.
You start resting.
HP restored.
j - a scroll labelled SOASMA XATRUACSI A hobgoblin comes into view.
Found a hand axe.
The hobgoblin shouts!
The hobgoblin closely misses you.
An endoplasm comes into view.
You hit the hobgoblin but do no damage. The hobgoblin hits you.
A rat comes into view.
You hit the hobgoblin.
The hobgoblin is heavily wounded.
The hobgoblin completely misses you.
You hit the hobgoblin.
The hobgoblin is heavily wounded.
The hobgoblin misses you.
The endoplasm jiggles.
You closely miss the rat. The rat bites you but does no damage.
You hit the rat.
You kill the rat!
You hit the hobgoblin.
The hobgoblin is almost dead.
The hobgoblin hits you.
You hit the hobgoblin.
You kill the hobgoblin!
You hit the endoplasm.
The endoplasm is moderately wounded.
The endoplasm barely misses you. The endoplasm freezes you.
You are frozen.
* * * LOW HITPOINT WARNING * * *
The kobold shouts!
You barely miss the kobold. The kobold hits you with a +0 club.
You die...

#.#♣.♣########.#
..#♣.♣#........#
#8.8####..#### #♣$♣#
#..# # ♣.♣ #..# #####
♣.♣####..# ##?..#
♣.♣#..#..# ##...##
♣.♣#.....# ##.....#
♣.♣#..@..# ##......#
#.##..K..## #.......#
#.###.##......#
#......$#
#.............#
#.......#
#####.........#
##......#
####w..##.#######.....#
#...##.##..K.g....##
#...##.##.######.###
##.###....# ##.....


You could see a dart slug and a kobold.

Vanquished Creatures
  A giant cockroach (D:1)
  A goblin (D:1)
  A hobgoblin (D:1)
  A bat (D:1)
  2 rats (D:1)
6 creatures vanquished.

Vanquished Creatures (others)
  A kobold (D:1)
1 creature vanquished.

Grand Total: 7 creatures vanquished

Notes
Turn   | Place    | Note
-------+----------+-------------------------------------------
     0 | D:1      | HOAXBANE2 the Spriggan Artificer began the quest for the
                  | Orb.
     0 | D:1      | Reached XP level 1. HP: 9/9 MP: 2/2
   551 | D:1      | Reached skill level 1 in Fighting
   765 | D:1      | Slain by a kobold

Illustrated notes

Levels and vault maps discovered:
D:1:      dpeg_arrival_three_same_balls, layout_loops_ring,
          dreamdust_princess_corridor, minmay_cut_off
D:2:      layout_basic, ebering_ecumenical_altar_abandoned

Skill      XL: |  1 |
---------------+----+-----
Fighting       | 1 |  1.0
Stealth        | 2 |  2.0
Dodging        | |  3.7
Evocations     | |  4.0

Action                   || total
-------------------------++-------
Melee: Dagger            ||    12
       Short sword       ||    12
       Club              ||     8
Throw: Stone             ||     2
Evoke: Wand              ||     1
Armor: Robe              ||     6
Dodge: Dodged            ||    24
